 Dungeon Crawl Stone Soup version 0.30.1-9-gdf580d7c3d (webtiles) character file.

Game seed: 301149765614298694

7091 lonewolfV2 the Severer (level 11, -4/97 HPs)
             Began as a Hill Orc Gladiator on Sept 26, 2023.
             Was a Priest of Beogh (penitent).
             Slain by an orc warrior
             ... wielding a +1 glaive of flaming
             ... led by the wrath of Beogh
              (30 damage)
             ... on level 9 of the Dungeon.
             The game lasted 00:16:56 (11481 turns).

lonewolfV2 the Severer (Hill Orc Gladiator)        Turns: 11481, Time: 00:16:57

Health: -4/97      AC: 15    Str: 26    XL:     11   Next: 9%
Magic:  0/11       EV: 13    Int: 11    God:    Beogh [***...]
Gold:   565        SH:  0    Dex: 14    Spells: 10/10 levels left

rFire   + . .        I - +8 war axe "Atoobuen" {heavy, rCorr Str+4 Int+3 Dex+2}
rCold   x . .        (no shield)
rNeg    + + .        t - +0 ring mail "Diodorina" {Harm *Corrode +Inv rN++}
rPois   .            c - +1 helmet
rElec   .            (no cloak)
rCorr   +            y - +2 pair of gloves
SInv    +            q - +2 pair of boots
Will    .....        m - amulet of guardian spirit
Stlth   ++           f - ring of fire
HPRegen 0.36/turn    n - ring of see invisible
MPRegen 0.12/turn

%: corrode self (3%), harm (+30% outgoing, +20% incoming), guardian spirit
@: about to teleport
A: no striking features
a: Renounce Religion, Evoke Invisibility


You were on level 9 of the Dungeon.
You worshipped Beogh.
Beogh was demanding penance.
You visited 1 branch of the dungeon, and saw 9 of its levels.

You collected 565 gold pieces.

Inventory:

Hand Weapons
 a - a +1 war axe
 G - a +2 war axe of freezing
 I - the +8 war axe "Atoobuen" (weapon) {heavy, rCorr Str+4 Int+3 Dex+2}
   (You took it off a gnoll on level 8 of the Dungeon)

   Str:       It affects your strength (+4).
   Int:       It affects your intelligence (+3).
   Dex:       It affects your dexterity (+2).
   rCorr:     It protects you from acid and corrosion.
Missiles
 d - 4 throwing nets (quivered)
 e - a javelin
Armour
 b - a +0 leather armour
 c - a +1 helmet (worn)
 q - a +2 pair of boots (worn)
 t - the +0 ring mail "Diodorina" (worn) {Harm *Corrode +Inv rN++}
   (You found it on level 4 of the Dungeon)

   rN:        It greatly protects you from negative energy.
   +Inv:      It lets you turn invisible.
   *Corrode:  It may corrode you when you take damage.
   Harm:      It increases damage dealt and taken.
 y - a +2 pair of gloves (worn)
Jewellery
 f - a ring of fire (left hand)
 l - an amulet of reflection
 m - an amulet of guardian spirit (around neck)
 n - a ring of see invisible (right hand)
 A - a +6 ring of dexterity
Wands
 g - a wand of charming (8)
 s - a wand of iceblast (22)
 u - a wand of quicksilver (9)
 D - a wand of mindburst (27)
 H - a wand of polymorph (2)
Scrolls
 i - 4 scrolls of teleportation
 k - 3 scrolls of magic mapping
 o - 3 scrolls of amnesia
 E - 5 scrolls of identify
 F - a scroll of fear
 J - a scroll of blinking
Potions
 h - 4 potions of brilliance
 j - 3 potions of lignification
 p - 2 potions of haste
 r - a potion of might
 v - 2 potions of curing
 w - 2 potions of mutation
 x - 3 potions of berserk rage
 z - a potion of degeneration
 B - 5 potions of invisibility
 C - a potion of attraction


   Skills:
 + Level 9.1 Fighting
 + Level 15.1 Axes
 + Level 1.8 Throwing
 + Level 7.4 Armour
 + Level 5.7 Dodging
 + Level 2.8 Stealth


You had 10 spell levels left.
You didn't know any spells.
Your spell library contained the following spells:

 Spells                   Type           Power      Damage    Failure   Level
 Ensorcelled Hibernation  Hex/Ice        0%         N/A       58%         2
 Call Canine Familiar     Summ           0%         N/A       83%         3
 Inner Flame              Hex/Fire       0%         N/A       83%         3
 Portal Projectile        Hex/Tloc       0%         N/A       83%         3
 Spider Form              Tmut/Pois      0%         N/A       83%         3
 Anguish                  Hex/Necr       0%         N/A       99%         4
 Flame Wave               Conj/Fire      0%         2d4       99%         4
 Leda's Liquefaction      Hex/Erth       0%         N/A       99%         4
 Sticky Flame             Conj/Fire      0%         2d3       99%         4


Dungeon Overview and Level Annotations

Branches:
Dungeon (9/15)             Temple (0/1) D:7            Lair (0/5) D:8
    Orc: D:9-12

Altars:
Dithmenos
Elyvilon
Nemelex Xobeh
Qazlal
Trog
Uskayaw
Xom

Shops:
D:2 ?   D:8 *   D:9 *


Message History

Beogh accepts your kill.
Your orc warrior looks more experienced.
The unseen horror simulacrum completely misses your orc warrior.
Your orc warrior hits the orc warrior with a +0 club!
The orc hits your orc warrior with a +0 hand axe.
The orc warrior misses your orc warrior.
The orc warrior hits you with a +1 glaive of flaming.
The orc warrior hits your orc warrior with a +0 long sword!
The orc priest invokes the aid of Beogh against you.
Beogh smites you!
Your orc warrior hits the orc warrior but does no damage.
The orc barely misses your orc warrior.
The orc warrior hits your orc warrior with a +0 hand axe.
The orc warrior barely misses you.
The orc warrior hits your orc warrior with a +0 long sword!
The orc warlord roars a battlecry!
The orcs go into a battle-frenzy!
Okay, then.
You hit the yak.
The yak is severely wounded.
The yak gores you but does no damage.
Your orc warrior closely misses the orc warrior.
The orc warrior barely misses your orc warrior.
The orc warrior hits you from afar with a +1 glaive of flaming!
The orc warrior burns you.
The orc warrior hits your orc warrior with a +0 long sword!!
Your orc warrior dies!
The yak closely misses you.
You completely miss the yak.
The yak is severely wounded.
The orc warrior hits you from afar with a +1 glaive of flaming.
The orc warrior burns you.
The orc priest calls down the wrath of Beogh upon you.
Beogh smites you! The yak gores you.
* * * LOW HITPOINT WARNING * * *
As you read the scroll of teleportation, it crumbles to dust.
You feel strangely unstable.
The orc warrior hits you from afar with a +1 glaive of flaming!!
You die...
Beogh appreciates the orc warrior's killing of a heretic priest.

.. ... +........'.###. #.
#.# #.....(..###≈#.
#.##.###........##≈≈≈#
#.#.o..#.......>##≈≈≈#
##.oho. #........##≈≈≈#
##.ooZo# #######+##≈≈≈≈~
#..8Yoo## #...≈≈≈≈~
#..ooYo.# ##...~≈≈≈)
#.....Y##@# ##....#####
....o..+..######....†.....
##.....##......'....#####.
#..... ########.....≈≈≈≈~
#..... #.....~~≈≈~ ##....
#.####≈≈≈≈≈ #..8. #.#
##≈≈≈# #.# #≈≈≈# #.# #≈≈≈#


You could see an orc warlord, 2 yaks, a warg, 4 orc warriors, 2 orc priests, an
orc wizard (strong), an unseen horror simulacrum and 3 orcs.

Vanquished Creatures
  An oklob plant (D:7)
  3 komodo dragons (D:8)
  A polar bear (D:9)
  A troll (D:8)
  2 yaks (D:7)
  2 wyverns
  Eustachio (D:4)
  2 basilisks (D:8)
  A steam dragon (D:7)
  A water moccasin (D:6)
  3 ice beasts (D:6)
  4 orc warriors
  5 black bears
  A sky beast (D:6)
  A wolf (D:9)
  2 centaurs
  5 bullfrogs
  3 gnoll sergeants (D:5)
  2 scorpions
  5 wights (D:8)
  4 jellies
  4 howler monkeys
  4 hounds (D:5)
  4 orc priests
  2 gnoll boudas (D:5)
  5 iguanas
  8 orc wizards
  A centaur simulacrum (D:9)
  Robin (D:3)
  20 gnolls
  7 adders
  A shadow imp (D:7)
  2 white imps
  4 ufetubi
  4 worms
  3 dart slugs
  28 orcs
  8 endoplasms
  2 giant cockroaches (D:1)
  18 goblins
  12 hobgoblins
  7 jackals
  3 quokkas
  8 ball pythons
  4 bats
  3 frilled lizards
  6 kobolds
  8 rats
227 creatures vanquished.

Vanquished Creatures (collateral kills)
  Maurice (D:8)
  4 yaks
  An unseen horror simulacrum (D:9)
  An ice beast (D:7)
  A black bear (D:7)
  A swamp drake (D:8)
  A scorpion (D:6)
  5 jellies (D:7)
  2 orc priests (D:7)
  An orc wizard (D:9)
  A gnoll (D:8)
  11 orcs
  11 endoplasms (D:7)
41 creatures vanquished.

Vanquished Creatures (others)
  4 orc warriors
  2 orc wizards
  A dart slug (D:3)
  7 orcs
  A kobold (D:3)
15 creatures vanquished.

Grand Total: 283 creatures vanquished

Notes
Turn   | Place    | Note
-------+----------+-------------------------------------------
     0 | D:1      | lonewolfV2 the Hill Orc Gladiator began the quest for the
                  | Orb.
     0 | D:1      | Reached XP level 1. HP: 18/18 MP: 1/1
   215 | D:1      | Reached XP level 2. HP: 25/25 MP: 2/2
   910 | D:2      | Reached XP level 3. HP: 29/30 MP: 3/3
   962 | D:2      | Reached skill level 5 in Axes
   962 | D:2      | Reached skill level 1 in Armour
  1327 | D:2      | Reached XP level 4. HP: 37/37 MP: 4/4
  1336 | D:2      | Found Xuozxawe's Magic Scroll Boutique.
  1906 | D:3      | Noticed Robin
  1932 | D:3      | Killed Robin
  1935 | D:3      | Reached XP level 5. HP: 32/44 MP: 5/5
  2047 | D:3      | Reached skill level 6 in Axes
  2068 | D:3      | Became a worshipper of Beogh the Brigand
  2087 | D:3      | You fall into a shaft and drop 2 floors!
  2087 | D:5      | Entered Level 5 of the Dungeon
  2238 | D:5      | Reached skill level 7 in Axes
  2238 | D:5      | Reached XP level 6. HP: 9/51 MP: 6/6
  2711 | D:4      | Noticed Eustachio
  2875 | D:4      | Identified the +0 ring mail "Diodorina" {Harm *Corrode +Inv
                  | rN++}
  3015 | D:3      | Found a hide-covered altar of Uskayaw.
  3724 | D:4      | Found a sparkling altar of Nemelex Xobeh.
  3927 | D:4      | Killed Eustachio
  3927 | D:4      | Reached * piety under Beogh
  3928 | D:4      | Reached skill level 8 in Axes
  3928 | D:4      | Reached XP level 7. HP: 50/58 MP: 4/7
  4264 | D:5      | Reached skill level 9 in Axes
  4264 | D:5      | Reached XP level 8. HP: 10/67 MP: 2/8
  4672 | D:5      | Reached skill level 5 in Fighting
  4796 | D:5      | Reached ** piety under Beogh
  4824 | D:5      | Reached skill level 10 in Axes
  5888 | D:6      | Reached skill level 11 in Axes
  5888 | D:6      | Reached XP level 9. HP: 51/75 MP: 5/9
  6252 | D:6      | Found a bloodstained altar of Trog.
  6517 | D:6      | Reached skill level 1 in Stealth
  6763 | D:6      | Reached skill level 5 in Armour
  6936 | D:6      | Found a shadowy altar of Dithmenos.
  6936 | D:6      | Found a white marble altar of Elyvilon.
  6945 | D:6      | Found a shimmering altar of Xom.
  6945 | D:6      | Found a stormy altar of Qazlal.
  7168 | D:7      | Reached skill level 12 in Axes
  7264 | D:7      | Found a staircase to the Ecumenical Temple.
  7294 | D:7      | Reached *** piety under Beogh
  7646 | D:7      | Reached skill level 5 in Dodging
  7910 | D:7      | Reached XP level 10. HP: 45/86 MP: 4/10
  7911 | D:7      | Reached skill level 13 in Axes
  8416 | D:7      | Noticed an oklob plant
  8833 | D:7      | Killed an oklob plant
 10018 | D:8      | Reached **** piety under Beogh
 10432 | D:8      | Reached skill level 14 in Axes
 10515 | D:8      | Found a staircase to the Lair.
 10704 | D:8      | Identified the +0 chain mail "Ozugrir" {Regen+ Dex+8 Slay-3
                  | SInv}
 10796 | D:8      | Noticed Maurice
 10808 | D:8      | Killed Maurice
 10814 | D:8      | Found Lodeipuq's Lightly-Used Armoury.
 10819 | D:8      | Identified the +8 war axe "Atoobuen" {heavy, rCorr Str+4
                  | Int+3 Dex+2}
 11040 | D:9      | Found Biog's Neck Hole.
 11187 | D:9      | Was placed under penance by Beogh
 11191 | D:9      | Reached XP level 11. HP: 77/95 MP: 8/11
 11451 | D:9      | Reached skill level 15 in Axes
 11476 | D:9      | Noticed an orc warlord
 11481 | D:9      | Slain by an orc warrior

Illustrated notes

Levels and vault maps discovered:
D:1:      dpeg_arrival_line_fractal, layout_loops_ring
D:2:      layout_loops_corners, serial_shops, shop
D:3:      layout_basic, eat_drink_and_be_merry_uskayaw, uniq_robin
D:4:      layout_basic, nemelex_spade_bored_becter, roderic_roman_lattice,
          hangedman_decor_peaks_small, minmay_misc_feat_secret_circle,
          uniq_eustachio
D:5:      black_bear_nest_1, layout_cave_pools, serial_gnoll_camp,
          gnoll_camp_mini_loothouse, gnoll_camp_mini_doghouse,
          gnoll_camp_huts_basic, gnoll_camp_mini_house
D:6:      layout_layer_cave, trog_book, mainiacjoe_overflow_alcove_3,
          minmay_misc_feat_four_crosses, kennysheep_boxes
D:7:      lemuel_slime, layout_layer_cave, minmay_temple_entry_hall
D:8:      layout_rooms, erik_lair_dragon, minmay_shop_damaged,
          grunt_ministairs_14, uniq_maurice
D:9:      layout_roguey, serial_ice, serial_ice_d, serial_ice_m, serial_ice_b,
          serial_ice_o, serial_ice_e, serial_ice_l,
          nicolae_shop_sticking_my_neck_out

Skill      XL: |  1  2  3  4  5  6  7  8  9 10 11 |
---------------+----------------------------------+-----
Axes           | 5 7 8 9 11 12 14 15 | 15.1
Armour         | 1 2 3 4 6 7 |  7.4
Dodging        | 3 4 5 |  5.7
Fighting       | 3 4 6 7 8 9 |  9.1
Stealth        | 1 2 |  2.8
Throwing       | |  1.8

Action                     |  1- 3 |  4- 6 |  7- 9 | 10-12 || total
---------------------------+-------+-------+-------+-------++-------
  Melee: War axe           |    88 |   197 |   301 |   122 ||   708
         Punch             |     2 |     1 |     2 |     1 ||     6
 Invoke: Convert to Beogh  |       |     1 |       |       ||     1
    Use: Scroll            |     8 |     7 |     7 |     3 ||    25
         Potion            |       |     4 |     2 |       ||     6
   Stab: Distracted        |       |       |       |     2 ||     2
         Confused          |       |       |       |     1 ||     1
 Armour: Leather armour    |    23 |    96 |       |       ||   119
         Ring mail         |       |    18 |   198 |    41 ||   257
  Dodge: Dodged            |    78 |   163 |   282 |    59 ||   582
